 Dungeon Crawl Stone Soup version 0.28-a0-390-gb254ac4902 (webtiles) character file.

Game seed: 7445120734665763774

1498 Armakuni the Slasher (level 9, 0/71 HPs)
             Began as a Human Cinder Acolyte on Sept 3, 2021.
             Was an Initiate of Gozag.
             Slain by a fire elemental (10 damage)
             ... created by the fiery vengeance of Ignis
             ... on level 6 of the Dungeon.
             The game lasted 00:12:51 (6275 turns).

Armakuni the Slasher (Human Cinder Acolyte)         Turns: 6275, Time: 00:12:52

Health: 0/71       AC: 11    Str: 16    XL:     9   Next: 8%
Magic:  10/10      EV: 14    Int: 15    God:    Gozag
Gold:   186        SH:  0    Dex: 16    Spells: 8/10 levels left

rFire   . . .      SeeInvis .   a - +6 falchion "Hicky" {drain, Fly}
rCold   . . .      Faith    .   (no shield)
rNeg    . . .      Spirit   .   f - +1 ring mail
rPois   .          Reflect  .   c - +2 helmet
rElec   .          Harm     .   (no cloak)
rCorr   .          Rampage  .   (no gloves)
Will    .....                   g - +0 pair of boots
Stlth   +.........              (no amulet)
HPRegen 0.21/turn               E - +4 ring of evasion
MPRegen 0.12/turn               D - +6 ring of dexterity

@: flying, studying Summonings, fire susceptible
A: no striking features
a: Renounce Religion, Potion Petition, Call Merchant, Bribe Branch


You were on level 6 of the Dungeon.
You worshipped Gozag.
Gozag was aware of your devotion.
You visited 2 branches of the dungeon, and saw 7 of its levels.

You collected 225 gold pieces.
You paid 39 gold pieces to Gozag.

Inventory:

Hand Weapons
 a - the +6 falchion "Hicky" (weapon) {drain, Fly}
   (You found it on level 5 of the Dungeon)

   A truly terrible weapon, it drains the life of any living foe it strikes.
   Fly:       It grants you flight.
 b - a +0 falchion of flaming
Armour
 c - a +2 helmet (worn)
 f - a +1 ring mail (worn)
 g - a +0 pair of boots (worn)
Jewellery
 D - a +6 ring of dexterity (right hand)
 E - a +4 ring of evasion (left hand)
Wands
 j - a wand of iceblast (2)
 m - a wand of mindburst (9)
Scrolls
 e - 2 scrolls of identify
 i - a scroll of immolation
 n - a scroll of fear
 o - a scroll of noise {unknown}
Potions
 d - a potion of lignification
 h - a potion of heal wounds
 k - a potion of magic
 l - a potion of ambrosia


   Skills:
 + Level 6.6 Fighting
 + Level 6.6 Long Blades
 - Level 4.0 Armour
 - Level 1.0 Spellcasting
 - Level 4.0 Fire Magic
 - Level 4.0 Evocations


You had 8 spell levels left.
You knew the following spells:

 Your Spells              Type           Power      Damage    Failure   Level
s - Scorch                Fire           24%        2d6       13%         2

Your spell library contained the following spells:

 Spells                   Type           Power      Damage    Failure   Level
 Gell's Gravitas          Tloc           0%         N/A       78%         3
 Lesser Beckoning         Tloc           0%         N/A       78%         3
 Teleport Other           Tloc           0%         N/A       78%         3


Dungeon Overview and Level Annotations

Branches:
Dungeon (6/15)             Temple (1/1) D:5

Altars:
Cheibriados
Fedhas
Gozag
Hepliaklqana
Kikubaaqudgha
Nemelex Xobeh
Okawaru
Qazlal
Ru
Sif Muna
Trog
Uskayaw
Wu Jian
Xom
Zin

Shops:
D:5 :


Message History

Your Evocations skill gained 2 levels and is now at level 4!
You need to enable at least one skill for training.
You have reached level 9!
Your experience leads to an increase in your attributes!
Your base attributes are Str 16, Int 14, Dex 10.
Increase (S)trength, (I)ntelligence, or (D)exterity?
You feel clever.
You start resting.
You feel less wooden.
Your +2 helmet unmelds from your body.
Your +0 pair of boots unmelds from your body.
Your +1 ring mail unmelds from your body.
You start resting. "Attack, my last stalwart servants!" 2 fire elementals come into view.
The fire elemental barely misses you.
You barely miss the fire elemental. The fire elemental hits you.
The fire elemental burns you! The fire elemental barely misses you.
You closely miss the fire elemental. The fire elemental closely misses you.
You slash the fire elemental!
The fire elemental is moderately damaged.
The fire elemental completely misses you.
Unknown command.
You slash the fire elemental!
The fire elemental is severely damaged.
The fire elemental hits you. The fire elemental burns you!
* * * LOW HITPOINT WARNING * * *
You slash the fire elemental!
The fire elemental is almost destroyed.
The fire elemental hits you. The fire elemental burns you!
* * * LOW HITPOINT WARNING * * *
The fire elemental misses you.
You hit the fire elemental.
You destroy the fire elemental!
That felt strangely unrewarding.
The fire elemental closely misses you.
You hit the fire elemental.
The fire elemental is lightly damaged.
The fire elemental hits you. The fire elemental burns you!
You die...
Your body crumbles into a pile of gold.

..# #.# #.# ###
#.# #.. #.# #.#
#.# #######.#
#.### ........#
#.... #@# #.###
#E# #.#
#○############.#
#○.............#
#.##############
#.####$#
#...§>.#
########


You could see a fire elemental.

Vanquished Creatures
  Prince Ribbit (D:6)
  Sigmund (D:6)
  A vampire (D:6)
  A fire elemental (D:6)
  Edmund (D:5)
  A black bear (D:4)
  An ogre (D:4)
  2 phantoms
  2 scorpions
  A centaur zombie (D:5)
  A jelly (D:4)
  A centaur skeleton (D:4)
  A hound (D:5)
  2 bullfrog skeletons
  Ijyb (D:5)
  2 iguanas (D:5)
  A hound zombie (D:5)
  11 adders
  A white imp (D:5)
  2 ufetubi (D:5)
  An adder skeleton (D:5)
  3 dart slugs
  An orc (D:4)
  5 endoplasms
  2 giant cockroaches
  2 goblins (D:3)
  10 hobgoblins
  A quokka (D:4)
  5 ball pythons
  2 bats
  2 frilled lizards (D:1)
  3 kobolds
  7 rats
79 creatures vanquished.

Vanquished Creatures (others)
  An orc (D:6)
  120 foxfires
121 creatures vanquished.

Grand Total: 200 creatures vanquished

Notes
Turn   | Place    | Note
-------+----------+-------------------------------------------
     0 | D:1      | Armakuni the Human Cinder Acolyte began the quest for the
                  | Orb.
     0 | D:1      | Reached XP level 1. HP: 18/18 MP: 2/2
   273 | D:1      | Reached XP level 2. HP: 15/24 MP: 3/3
  1136 | D:2      | Reached XP level 3. HP: 14/29 MP: 4/4
  1657 | D:2      | Reached XP level 4. HP: 37/37 MP: 5/5
  1884 | D:3      | Found a stormy altar of Qazlal.
  2523 | D:3      | Found a faded altar of an unknown god.
  3378 | D:4      | Reached XP level 5. HP: 39/42 MP: 6/6
  3516 | D:4      | Noticed a black bear
  3524 | D:4      | Killed a black bear
  3525 | D:4      | Reached XP level 6. HP: 37/50 MP: 7/7
  3530 | D:4      | Reached skill level 5 in Fighting
  3530 | D:4      | Reached skill level 5 in Long Blades
  3639 | D:4      | Found an ornate altar of the Wu Jian Council.
  3847 | D:4      | Noticed an ogre
  3854 | D:4      | Killed an ogre
  4157 | D:4      | Reached XP level 7. HP: 54/57 MP: 8/8
  4518 | D:5      | Entered Level 5 of the Dungeon
  4702 | D:5      | Noticed Edmund
  4728 | D:5      | Killed Edmund
  4863 | D:5      | Reached XP level 8. HP: 51/65 MP: 9/9
  4866 | D:5      | Learned a level 2 spell: Scorch
  4887 | D:5      | Found a glowing silver altar of Zin.
  5135 | D:5      | Noticed Ijyb
  5141 | D:5      | Killed Ijyb
  5142 | D:5      | Reached skill level 1 in Armour
  5268 | D:5      | Identified the +6 falchion "Hicky" {drain, Fly}
  5377 | D:5      | Found a staircase to the Ecumenical Temple.
  5382 | Temple   | Entered the Ecumenical Temple
  5449 | Temple   | Fell from the grace of Ignis
  5449 | Temple   | Became a worshipper of Gozag Ym Sagoz the Greedy
  5647 | D:5      | Found Cyfebyn's Book Emporium.
  5684 | D:5      | Found a shimmering blue altar of Sif Muna.
  5691 | D:5      | Found a hazy altar of Hepliaklqana.
  5906 | D:6      | Noticed Sigmund
  5924 | D:6      | Killed Sigmund
  5925 | D:6      | Reached skill level 1 in Evocations
  6164 | D:6      | Noticed Prince Ribbit
  6165 | D:6      | Noticed a vampire
  6180 | D:6      | Killed Prince Ribbit
  6222 | D:6      | Killed a vampire
  6223 | D:6      | Reached XP level 9. HP: 39/71 MP: 10/10
  6275 | D:6      | Slain by a fire elemental

Illustrated notes

Levels and vault maps discovered:
D:1:      dpeg_arrival_another_circle, layout_basic
D:2:      layout_rooms
D:3:      layout_basic, nicolae_qazlal_scattered_showers,
          shapermc_ecumenical_altar_mp_vishouse
D:4:      layout_layer_cave, nzn_wu_jian_council_hall, minmay_tree_intersection,
          nicolae_zen_rock_garden, grunt_ministairs_3
D:5:      layout_cave_pools, zin_statuary, amethyst_overflow_temple_binary,
          temple_doors_e, serial_shops, kennysheep_little_box, uniq_ijyb,
          uniq_edmund
D:6:      layout_loops_ring, hex_tiny, uniq_sigmund, uniq_prince_ribbit1
Temple:   eino_wide_crystal_templ

Skill      XL: |  1  2  3  4  5  6  7  8 |
---------------+-------------------------+-----
Long Blades    | 4 5 6 |  6.6
Fighting       | 4 5 6 |  6.6
Armour         | 4 |  4.0
Fire Magic     | 4 |  4.0
Evocations     | 4 |  4.0
Spellcasting   | |  1.0

Action                   |  1- 3 |  4- 6 |  7- 9 || total
-------------------------+-------+-------+-------++-------
Melee: Falchion          |    66 |   113 |   149 ||   328
 Cast: Scorch            |       |       |     1 ||     1
Invok: Sea of Fire       |     1 |       |       ||     1
       Foxfire Swarm     |     3 |     2 |     3 ||     8
Evoke: Wand              |       |       |     1 ||     1
  Use: Potion            |     1 |       |     3 ||     4
       Scroll            |       |    10 |     3 ||    13
Armor: Robe              |     6 |       |       ||     6
       Leather armour    |    13 |     2 |       ||    15
       Ring mail         |       |    48 |    43 ||    91
       Skin              |       |       |    33 ||    33
Dodge: Dodged            |    28 |    61 |   103 ||   192

Table legend: (Time is in decaauts)
 A = Elapsed time spent in this place.
 B = Non-inter-level travel time spent in this place.
 C = Inter-level travel time spent in this place.
 D = Time resting spent in this place.
 E = Time spent auto-exploring this place.
 F = Levels seen in this place.
 G = Mean time per level.
                   A        B        C        D        E       F      G
               +--------+--------+--------+--------+--------+-----+--------+
         Total |   6289 |   6176 |    113 |   1225 |   3916 |   7 |  898.4 |
       Dungeon |   6116 |   6003 |    113 |   1125 |   3882 |   6 | 1019.3 |
        Temple |    173 |    173 |      0 |    100 |     34 |   1 |  173.0 |
               +--------+--------+--------+--------+--------+-----+--------+

Top non-repeatable levels by time:
     D:4: 1636 daAuts
     D:3: 1146 daAuts
     D:1: 1126 daAuts
     D:5: 965 daAuts
     D:2: 750 daAuts
     D:6: 492 daAuts
  Temple: 173 daAuts
